Canadiens vs Capitals
Created - January 18, 2022 at 19:18
Goals
|
| Canadiens |
1 |
2 |
2 |
5 |
| Capitals |
1 |
1 |
1 |
3 |
|
Shots
|
| Canadiens |
4 |
14 |
12 |
30 |
| Capitals |
8 |
12 |
7 |
27 |
|
1st period
1. Canadiens , Chris Kreider 11 (Evgeni Malkin 15, Phil Kessel 10) at 1:42
2. Capitals , Corey Perry 5 (Sean Monahan 5, Victor Hedman 5) at 18:41 (PP)
Penalties :
Brian Dumoulin (Mon) for Hooking (Minor) at 3:12, Guillaume Brisebois (Mon) for Holding (Minor) at 9:45, Evgeni Malkin (Mon) for Holding Stick (Minor) at 18:31
2nd period
3. Canadiens , Travis Hamonic 3 (Chris Kreider 16, Allen York) at 8:23 (PP)
4. Capitals , Dustin Brown 1 (Antoine Vermette 2) at 17:14
5. Canadiens , Greg Stewart 6 (Steve Downie 9, Brady Skjei 8) at 17:50
Penalties :
Sean Monahan (Was) for Slashing (Minor) at 1:47, Trevor Daley (Was) for Roughing (Minor) at 8:10, Dion Phaneuf (Was) for Hooking (Minor) at 9:13, Mike Cammalleri (Was) for Tripping (Minor) at 14:22
3rd period
6. Canadiens , Dave Bolland 8 (Pierre-Marc Bouchard 3) at 6:03
7. Canadiens , Chris Kreider 12 (Mika Zibanejad 10) at 12:20 (PP)
8. Capitals , Samuel Morin 2 (William Karlsson 2, Dion Phaneuf 11) at 14:17
Penalties :
Dion Phaneuf (Was) for Interference (Minor) at 6:24, Samuel Morin (Was) for Hooking (Minor) at 12:18, Jordan Szwarz (Mon) for Interference (Minor) at 16:04
Goalie Stats
Allen York (Mon), 24 saves from 27 shots - (0.889), W, 3-0-0, 60:00 minutes
Jonathan Bernier (Was), 25 saves from 30 shots - (0.833), L, 0-2-1, 60:00 minutes
Players Stats for Canadiens
Player Name G A P +/- PIM S H SB GA TA FO MP PP MP PK MP
------------------------------------------------------------------------------------
Brady Skjei 0 1 1 1 0 1 3 2 1 2 0/0 27:15 4:21 1:28
Brian Dumoulin 0 0 0 0 2 0 0 0 0 2 0/0 22:15 3:50 2:17
Chris Kreider 2 1 3 0 0 7 0 0 0 1 1/3 21:35 4:36 1:25
Daniel Carcillo 0 0 0 -1 0 1 0 0 0 0 0/0 13:43 0:00 3:18
Dave Bolland 1 0 1 1 0 2 1 0 1 0 5/10 10:31 0:00 3:39
Evgeni Malkin 0 1 1 0 2 4 1 0 2 0 13/26 20:48 3:35 0:41
Greg Stewart 1 0 1 1 0 1 0 0 0 0 1/3 16:13 3:35 0:07
Guillaume Brisebois 0 0 0 0 2 1 1 0 0 0 0/0 11:57 0:00 2:30
Jakub Vrana 0 0 0 1 0 0 1 0 0 0 1/1 6:37 0:00 0:00
Jordan Szwarz 0 0 0 -1 2 0 0 0 1 0 0/0 11:39 0:00 1:17
Mika Zibanejad 0 1 1 1 0 2 0 0 0 0 9/15 17:04 4:36 0:00
Nick Spaling 0 0 0 -1 0 0 1 0 0 0 2/4 11:36 0:00 1:47
Phil Kessel 0 1 1 0 0 6 1 0 1 2 1/1 20:29 4:36 0:00
Philip Larsen 0 0 0 0 0 1 0 2 0 0 0/0 21:47 3:50 2:40
Pierre-Marc Bouchard 0 1 1 1 0 1 0 0 0 0 0/0 6:37 0:00 0:00
Steve Downie 0 1 1 1 0 1 4 0 1 0 0/0 16:06 3:35 0:00
Travis Hamonic 1 0 1 1 0 2 2 0 0 1 0/0 27:40 4:21 3:18
Tyler Lewington 0 0 0 0 0 0 1 0 0 0 0/0 9:57 0:00 0:01
Players Stats for Capitals
Player Name G A P +/- PIM S H SB GA TA FO MP PP MP PK MP
------------------------------------------------------------------------------------
Alexei Marchenko 0 0 0 -1 0 0 0 1 0 1 0/0 21:54 3:07 5:01
Antoine Vermette 0 1 1 1 0 0 0 0 0 0 6/12 14:12 0:06 4:24
Blake Pietila 0 0 0 1 0 1 1 1 0 0 0/0 11:31 0:06 1:37
Brad Richardson 0 0 0 -2 0 0 2 0 0 0 3/3 10:54 0:00 2:03
Cameron Gaunce 0 0 0 -1 0 0 3 2 0 1 0/0 20:40 3:07 3:56
Corey Perry 1 0 1 -1 0 2 1 1 0 1 0/1 22:53 3:21 4:21
Dion Phaneuf 0 1 1 0 4 4 4 2 3 0 0/0 26:38 3:00 2:29
Dustin Brown 1 0 1 1 0 2 1 0 0 0 1/1 12:03 0:06 2:13
Jared Spurgeon 0 0 0 0 0 0 0 0 0 1 0/0 12:17 0:00 1:09
Mark Stone 0 0 0 1 0 1 0 0 0 0 0/1 14:40 2:40 0:00
Mike Cammalleri 0 0 0 -1 2 1 3 0 0 1 1/2 18:25 3:21 0:00
Patrick Sharp 0 0 0 -2 0 2 0 0 2 0 0/0 11:18 2:40 0:00
Samuel Morin 1 0 1 1 2 3 0 0 0 0 0/0 12:05 0:00 0:00
Sean Monahan 0 1 1 -1 2 5 1 1 0 0 13/32 20:08 3:21 1:38
T.J. Oshie 0 0 0 -2 0 3 0 0 2 0 0/0 8:32 0:00 0:00
Trevor Daley 0 0 0 0 2 1 1 0 0 0 0/0 10:53 0:00 0:00
Victor Hedman 0 1 1 0 0 0 1 3 1 2 0/0 27:49 3:00 3:47
William Karlsson 0 1 1 1 0 2 2 0 0 0 6/11 14:51 2:40 0:06
3 Stars
1 - Chris Kreider (Mon)
2 - Travis Hamonic (Mon)
3 - Dave Bolland (Mon)
Power Play
Canadiens - 2 on 6 Attempt(s) - 33.33%
Capitals - 1 on 4 Attempt(s) - 25.00%
Penalty Kill
Canadiens - 3 on 4 Attempt(s) - 75.00%
- Score 0 goal in Penalty Kill
Capitals - 4 on 6 Attempt(s) - 66.67%
- Score 0 goal in Penalty Kill
Team Stat
Canadiens - Hits : 16 - Faceoff Wins : 33 - Blocked Shots : 4 - Penalty Minutes : 8
Capitals - Hits : 20 - Faceoff Wins : 30 - Blocked Shots : 11 - Penalty Minutes : 12
Official
Referees : Chris Rooney and Ian Walsh
Linesman : Travis Toomey and Vaughan Rody
Game Notes
0:12 of 2nd period - Canadiens goal is going for a video replay. After video review, No Goal. The puck has been directed, batted or thrown into the net by an attacking player other than with a stick.
Finance
Level 1 -- Attendance: 5653 (94.22%) -- Ticket Income $565,300
Level 2 -- Attendance: 4677 (93.54%) -- Ticket Income $280,620
Level 3 -- Attendance: 1789 (89.45%) -- Ticket Income $62,615
Level 4 -- Attendance: 4000 (100.00%) -- Ticket Income $100,000
Luxury Box -- Attendance: 965 (96.50%) -- Ticket Income $193,000
Game was played at the Capital One Arena.
Total Attendance: 17084 (94.91%)
Total Ticket Income: $1,201,535
Other Income: $180,230
Total Income: $1,381,765
Canadiens
5 vs 5 Forward
Center Left Wing Right Wing Time % Phy DF OF
1 Evgeni Malkin Chris Kreider Phil Kessel 40 0 1 4
2 Mika Zibanejad Greg Stewart Steve Downie 30 0 1 4
3 Nick Spaling Daniel Carcillo Jordan Szwarz 20 0 2 3
4 Dave Bolland Jakub Vrana Pierre-Marc Bouchard 10 0 3 2
5 vs 5 Defense
Defense Defense Time % Phy DF OF
1 Travis Hamonic Brady Skjei 40 0 2 3
2 Philip Larsen Brian Dumoulin 30 0 2 3
3 Tyler Lewington Guillaume Brisebois 20 0 3 2
4 Travis Hamonic Brady Skjei 10 0 2 3
PowerPlay Forward
Center Left Wing Right Wing Time % Phy DF OF
1 Mika Zibanejad Chris Kreider Phil Kessel 60 0 1 4
2 Evgeni Malkin Greg Stewart Steve Downie 40 0 1 4
PowerPlay Defense
Defense Defense Time % Phy DF OF
1 Travis Hamonic Brady Skjei 60 0 1 4
2 Philip Larsen Brian Dumoulin 40 0 1 4
Penalty Kill 4 Players Forward
Center Wing Time % Phy DF OF
1 Dave Bolland Daniel Carcillo 60 0 3 2
2 Nick Spaling Jordan Szwarz 40 0 3 2
Penalty Kill 4 Players Defense
Defense Defense Time % Phy DF OF
1 Brian Dumoulin Guillaume Brisebois 60 0 3 2
2 Philip Larsen Travis Hamonic 40 0 3 2
Penalty Kill - 3 Players Forward
Forward Time % Phy DF OF
1 Dave Bolland 60 1 4 0
2 Nick Spaling 40 0 4 1
Penalty Kill - 3 Players Defense
Defense Defense Time % Phy DF OF
1 Travis Hamonic Guillaume Brisebois 60 0 4 1
2 Tyler Lewington Brian Dumoulin 40 0 4 1
4 vs 4 Forward
Center Wing Time % Phy DF OF
1 Evgeni Malkin Chris Kreider 60 0 2 3
2 Mika Zibanejad Phil Kessel 40 0 2 3
4 vs 4 Defense
Defense Defense Time % Phy DF OF
1 Travis Hamonic Brady Skjei 60 0 2 3
2 Brian Dumoulin Guillaume Brisebois 40 0 2 3
Last Minutes Offensive
Center Left Wing Right Wing Defense Defense
Evgeni Malkin Chris Kreider Phil Kessel Travis Hamonic Brady Skjei
Last Minutes Defensive
Center Left Wing Right Wing Defense Defense
Evgeni Malkin Chris Kreider Phil Kessel Travis Hamonic Brady Skjei
Goaltenders
Starting : Allen York
Backup : Kristers Gudlevskis
Extra Forwards
Normal : Chris Kreider, Phil Kessel, Evgeni Malkin - PP : Chris Kreider, Mika Zibanejad - PK : Daniel Carcillo
Extra Defensemen
Normal : Brady Skjei, Travis Hamonic, Brian Dumoulin - PP : Brady Skjei - PK : Travis Hamonic, Guillaume Brisebois
Penalty Shots
Evgeni Malkin, Chris Kreider, Phil Kessel, Mika Zibanejad, Greg Stewart
Scratches
Bryce Lampman (Sprained Left Knee Injury), Mark Stuart (Back Injury)
Capitals
5 vs 5 Forward
Center Left Wing Right Wing Time % Phy DF OF
1 Sean Monahan Mike Cammalleri Corey Perry 35 1 1 3
2 William Karlsson Samuel Morin Mark Stone 25 1 2 2
3 Antoine Vermette Blake Pietila Dustin Brown 20 1 2 2
4 Brad Richardson Patrick Sharp T.J. Oshie 20 1 3 1
5 vs 5 Defense
Defense Defense Time % Phy DF OF
1 Victor Hedman Dion Phaneuf 40 1 2 2
2 Alexei Marchenko Cameron Gaunce 30 1 2 2
3 Trevor Daley Jared Spurgeon 20 1 3 1
4 Victor Hedman Dion Phaneuf 10 1 1 3
PowerPlay Forward
Center Left Wing Right Wing Time % Phy DF OF
1 Sean Monahan Mike Cammalleri Corey Perry 60 1 1 3
2 William Karlsson Patrick Sharp Mark Stone 40 1 1 3
PowerPlay Defense
Defense Defense Time % Phy DF OF
1 Dion Phaneuf Victor Hedman 60 1 2 2
2 Cameron Gaunce Alexei Marchenko 40 1 2 2
Penalty Kill 4 Players Forward
Center Wing Time % Phy DF OF
1 Antoine Vermette Corey Perry 60 1 3 1
2 Sean Monahan Dustin Brown 40 1 3 1
Penalty Kill 4 Players Defense
Defense Defense Time % Phy DF OF
1 Dion Phaneuf Alexei Marchenko 60 1 3 1
2 Victor Hedman Cameron Gaunce 40 1 3 1
Penalty Kill - 3 Players Forward
Forward Time % Phy DF OF
1 Antoine Vermette 60 1 2 2
2 Corey Perry 40 1 2 2
Penalty Kill - 3 Players Defense
Defense Defense Time % Phy DF OF
1 Dion Phaneuf Cameron Gaunce 60 1 2 2
2 Victor Hedman Alexei Marchenko 40 1 2 2
4 vs 4 Forward
Center Wing Time % Phy DF OF
1 Sean Monahan Corey Perry 60 1 2 2
2 William Karlsson Mike Cammalleri 40 1 2 2
4 vs 4 Defense
Defense Defense Time % Phy DF OF
1 Dion Phaneuf Victor Hedman 60 1 2 2
2 Cameron Gaunce Alexei Marchenko 40 1 2 2
Last Minutes Offensive
Center Left Wing Right Wing Defense Defense
William Karlsson Mike Cammalleri Corey Perry Dion Phaneuf Victor Hedman
Last Minutes Defensive
Center Left Wing Right Wing Defense Defense
Antoine Vermette Blake Pietila Corey Perry Dion Phaneuf Victor Hedman
Goaltenders
Starting : Jonathan Bernier
Backup : Keith Kinkaid
Extra Forwards
Normal : Corey Perry, Mike Cammalleri, Sean Monahan - PP : Corey Perry, Mike Cammalleri - PK : Corey Perry
Extra Defensemen
Normal : Dion Phaneuf, Victor Hedman, Alexei Marchenko - PP : Dion Phaneuf - PK : Victor Hedman, Dion Phaneuf
Penalty Shots
Corey Perry, Mike Cammalleri, Mark Stone, Dion Phaneuf, Victor Hedman
Scratches
Robert Hagg (Healthy), Roman Josi (Healthy)
% Time on Ice - Canadiens
Lines # - Real PCT - Wanted PCT - Time Play
Normal Forward
1 - 36% - 40% - 16:26
2 - 29% - 30% - 13:06
3 - 21% - 20% - 9:33
4 - 14% - 10% - 6:37
Normal Defense
1 - 42% - 40% - 19:06
2 - 33% - 30% - 15:06
3 - 22% - 20% - 9:51
4 - 4% - 10% - 1:39
PP Forward
1 - 56% - 60% - 4:36
2 - 44% - 40% - 3:35
PP Defense
1 - 53% - 60% - 4:21
2 - 47% - 40% - 3:50
PK Forward
1 - 71% - 60% - 4:20
2 - 29% - 40% - 1:47
PK Defense
1 - 56% - 60% - 3:27
2 - 44% - 40% - 2:40
PK3 Forward
1 - 0% - 60%
2 - 0% - 40%
PK3 Defense
1 - 0% - 60%
2 - 0% - 40%
44 Forward
1 - 0% - 60%
2 - 0% - 40%
44 Defense
1 - 0% - 60%
2 - 0% - 40%
Last Minute Offensive - 0:00
Last Minute Defensive - 0:00
Total
Forward - 60:00
Defense - 60:00
|
% Time on Ice - Capitals
Lines # - Real PCT - Wanted PCT - Time Play
Normal Forward
1 - 36% - 35% - 16:14
2 - 27% - 25% - 12:12
3 - 19% - 20% - 8:44
4 - 19% - 20% - 8:32
Normal Defense
1 - 42% - 40% - 19:09
2 - 30% - 30% - 13:37
3 - 24% - 20% - 10:54
4 - 4% - 10% - 2:02
PP Forward
1 - 56% - 60% - 3:27
2 - 44% - 40% - 2:40
PP Defense
1 - 49% - 60% - 3:00
2 - 51% - 40% - 3:07
PK Forward
1 - 73% - 60% - 5:58
2 - 27% - 40% - 2:13
PK Defense
1 - 79% - 60% - 6:27
2 - 21% - 40% - 1:44
PK3 Forward
1 - 0% - 60%
2 - 0% - 40%
PK3 Defense
1 - 0% - 60%
2 - 0% - 40%
44 Forward
1 - 0% - 60%
2 - 0% - 40%
44 Defense
1 - 0% - 60%
2 - 0% - 40%
Last Minute Offensive - 0:00
Last Minute Defensive - 0:00
Total
Forward - 60:00
Defense - 60:00
|
Play-by-Play
1st period
0:01 of 1st period - Sean Monahan wins face-off versus Evgeni Malkin in neutral zone.
0:10 of 1st period - Brady Skjei is hit by Dion Phaneuf and loses puck.
1:00 of 1st period - Snap shot by Dion Phaneuf.
1:00 of 1st period - Stopped by Allen York with a rebound.
1:32 of 1st period - Tyler Lewington is hit by Mike Cammalleri.
1:40 of 1st period - Snap shot by Evgeni Malkin.
1:40 of 1st period - Shot Misses the Net.
1:42 of 1st period - Slapshot by Chris Kreider.
1:42 of 1st period - Goal by Chris Kreider - Canadiens : 1 - Capitals : 0.
1:43 of 1st period - Mika Zibanejad wins face-off versus Sean Monahan in neutral zone.
1:58 of 1st period - Wrist shot by Mika Zibanejad.
1:58 of 1st period - Shot Misses the Net.
3:12 of 1st period - Minor Penalty to Brian Dumoulin for Hooking.
3:13 of 1st period - Dave Bolland wins face-off versus Sean Monahan in Canadiens zone.
3:51 of 1st period - Patrick Sharp is hit by Nick Spaling and loses puck.
4:50 of 1st period - Dave Bolland is hit by William Karlsson and loses puck.
5:12 of 1st period - Penalty to Brian Dumoulin is over, Brian Dumoulin is back on ice.
5:22 of 1st period - Tyler Lewington is hit by Cameron Gaunce and loses puck.
5:29 of 1st period - Blake Pietila is hit by Guillaume Brisebois and loses puck.
5:48 of 1st period - Slapshot by Patrick Sharp.
5:48 of 1st period - Stopped by Allen York without a rebound.
5:49 of 1st period - Brad Richardson wins face-off versus Greg Stewart in Canadiens zone.
6:22 of 1st period - Icing by Dion Phaneuf.
6:23 of 1st period - William Karlsson wins face-off versus Dave Bolland in Capitals zone.
6:38 of 1st period - Snap shot by Sean Monahan.
6:38 of 1st period - Stopped by Allen York without a rebound.
6:39 of 1st period - Mika Zibanejad wins face-off versus Mark Stone in Canadiens zone.
6:46 of 1st period - Samuel Morin is hit by Steve Downie.
7:05 of 1st period - Chris Kreider is hit by Mike Cammalleri.
7:11 of 1st period - Snap shot by Evgeni Malkin.
7:11 of 1st period - Shot Misses the Net.
8:13 of 1st period - Wrist shot by Greg Stewart.
8:13 of 1st period - Shot Blocked by Victor Hedman.
8:15 of 1st period - Wrist shot by Steve Downie.
8:15 of 1st period - Shot Blocked by Victor Hedman.
8:17 of 1st period - Wrist shot by Greg Stewart.
8:17 of 1st period - Shot Misses the Net.
8:19 of 1st period - Snap shot by Travis Hamonic.
8:19 of 1st period - Shot Blocked by Blake Pietila.
9:05 of 1st period - Wrist shot by William Karlsson.
9:05 of 1st period - Stopped by Allen York with a rebound.
9:17 of 1st period - Snap shot by Pierre-Marc Bouchard.
9:17 of 1st period - Shot Misses the Net.
9:45 of 1st period - Minor Penalty to Guillaume Brisebois for Holding.
9:46 of 1st period - Sean Monahan wins face-off versus Dave Bolland in Canadiens zone.
9:51 of 1st period - Wrist shot by Sean Monahan.
9:51 of 1st period - Stopped by Allen York with a rebound.
10:38 of 1st period - Corey Perry is hit by Brady Skjei and loses puck.
11:25 of 1st period - Daniel Carcillo is hit by William Karlsson and loses puck.
11:45 of 1st period - Penalty to Guillaume Brisebois is over, Guillaume Brisebois is back on ice.
11:47 of 1st period - Travis Hamonic is hit by Cameron Gaunce and loses puck.
11:54 of 1st period - Snap shot by Blake Pietila.
11:54 of 1st period - Stopped by Allen York with a rebound.
13:10 of 1st period - Snap shot by Steve Downie.
13:10 of 1st period - Stopped by Jonathan Bernier with a rebound.
13:51 of 1st period - Sean Monahan is hit by Steve Downie and loses puck.
14:02 of 1st period - Sean Monahan is hit by Dave Bolland and loses puck.
15:21 of 1st period - Philip Larsen is hit by Brad Richardson and loses puck.
15:34 of 1st period - Dave Bolland is hit by Cameron Gaunce and loses puck.
15:46 of 1st period - Dave Bolland is hit by Blake Pietila and loses puck.
16:24 of 1st period - Brian Dumoulin is hit by Dion Phaneuf and loses puck.
16:31 of 1st period - Brian Dumoulin is hit by Corey Perry and loses puck.
17:29 of 1st period - Patrick Sharp is hit by Jakub Vrana and loses puck.
17:34 of 1st period - Wrist shot by Dave Bolland.
17:34 of 1st period - Stopped by Jonathan Bernier with a rebound.
17:51 of 1st period - Icing by Dave Bolland.
17:52 of 1st period - Sean Monahan wins face-off versus Mika Zibanejad in Canadiens zone.
18:09 of 1st period - Snap shot by Mika Zibanejad.
18:09 of 1st period - Stopped by Jonathan Bernier without a rebound.
18:10 of 1st period - Evgeni Malkin wins face-off versus William Karlsson in Capitals zone.
18:31 of 1st period - Minor Penalty to Evgeni Malkin for Holding Stick.
18:32 of 1st period - Dave Bolland wins face-off versus Sean Monahan in Canadiens zone.
18:41 of 1st period - Snap shot by Corey Perry.
18:41 of 1st period - Goal by Corey Perry - Canadiens : 1 - Capitals : 1.
18:42 of 1st period - Sean Monahan wins face-off versus Evgeni Malkin in neutral zone.
18:45 of 1st period - Evgeni Malkin is hit by Mike Cammalleri and loses puck.
18:52 of 1st period - Wrist shot by Sean Monahan.
18:52 of 1st period - Shot Misses the Net.
19:33 of 1st period - Slapshot by Dustin Brown.
19:33 of 1st period - Stopped by Allen York without a rebound.
19:34 of 1st period - Antoine Vermette wins face-off versus Mika Zibanejad in Canadiens zone.
Goals for this period are 1 for Canadiens vs 1 for Capitals.
Shots for this period are 4 for Canadiens vs 8 for Capitals.
2nd period
0:01 of 2nd period - Sean Monahan wins face-off versus Evgeni Malkin in neutral zone.
0:04 of 2nd period - Snap shot by Chris Kreider.
0:04 of 2nd period - Shot Blocked by Victor Hedman.
0:06 of 2nd period - Slapshot by Brady Skjei.
0:06 of 2nd period - Shot Blocked by Sean Monahan.
0:10 of 2nd period - Wrist shot by Chris Kreider.
0:10 of 2nd period - Shot Blocked by Dion Phaneuf.
0:12 of 2nd period - Wrist shot by Phil Kessel.
0:12 of 2nd period - Canadiens goal is going for a video replay.
0:12 of 2nd period - The goal is refused. The puck has been directed, batted or thrown into the net by an attacking player other than with a stick..
0:13 of 2nd period - Sean Monahan wins face-off versus Evgeni Malkin in Capitals zone.
0:31 of 2nd period - Off-side.
0:32 of 2nd period - William Karlsson wins face-off versus Mika Zibanejad in neutral zone.
0:41 of 2nd period - Mark Stone is hit by Steve Downie and loses puck.
1:01 of 2nd period - Slapshot by Brady Skjei.
1:01 of 2nd period - Deflect By Chris Kreider.
1:01 of 2nd period - Stopped by Jonathan Bernier with a rebound.
1:25 of 2nd period - Slapshot by Brady Skjei.
1:25 of 2nd period - Deflect By Chris Kreider.
1:25 of 2nd period - Stopped by Jonathan Bernier without a rebound.
1:26 of 2nd period - Nick Spaling wins face-off versus Sean Monahan in Capitals zone.
1:37 of 2nd period - Wrist shot by Daniel Carcillo.
1:37 of 2nd period - Shot Misses the Net.
1:47 of 2nd period - Minor Penalty to Sean Monahan for Slashing.
1:48 of 2nd period - Mika Zibanejad wins face-off versus Antoine Vermette in Capitals zone.
2:05 of 2nd period - Slapshot by Travis Hamonic.
2:05 of 2nd period - Shot Blocked by Corey Perry.
2:15 of 2nd period - Dion Phaneuf is hit by Steve Downie and loses puck.
3:47 of 2nd period - Penalty to Sean Monahan is over, Sean Monahan is back on ice.
4:16 of 2nd period - Jakub Vrana is hit by Trevor Daley and loses puck.
5:03 of 2nd period - Wrist shot by Sean Monahan.
5:03 of 2nd period - Stopped by Allen York with a rebound.
5:49 of 2nd period - Slapshot by Victor Hedman.
5:49 of 2nd period - Deflect By Mark Stone.
5:49 of 2nd period - Shot Misses the Net.
5:49 of 2nd period - Puck is out of play.
5:50 of 2nd period - William Karlsson wins face-off versus Greg Stewart in Canadiens zone.
6:17 of 2nd period - Wrist shot by Chris Kreider.
6:17 of 2nd period - Deflect By Dustin Brown.
6:17 of 2nd period - Shot Misses the Net.
6:17 of 2nd period - Puck is out of play.
6:18 of 2nd period - Sean Monahan wins face-off versus Evgeni Malkin in Capitals zone.
6:36 of 2nd period - Snap shot by Chris Kreider.
6:36 of 2nd period - Stopped by Jonathan Bernier with a rebound.
7:18 of 2nd period - Slapshot by T.J. Oshie.
7:18 of 2nd period - Stopped by Allen York without a rebound.
7:19 of 2nd period - Brad Richardson wins face-off versus Evgeni Malkin in Canadiens zone.
7:20 of 2nd period - Snap shot by Patrick Sharp.
7:20 of 2nd period - Shot Blocked by Brady Skjei.
8:10 of 2nd period - Minor Penalty to Trevor Daley for Roughing.
8:11 of 2nd period - Antoine Vermette wins face-off versus Mika Zibanejad in Capitals zone.
8:23 of 2nd period - Slapshot by Travis Hamonic.
8:23 of 2nd period - Goal by Travis Hamonic - Canadiens : 2 - Capitals : 1.
8:24 of 2nd period - Evgeni Malkin wins face-off versus Sean Monahan in neutral zone.
8:26 of 2nd period - Off-side.
8:27 of 2nd period - Sean Monahan wins face-off versus Evgeni Malkin in neutral zone.
9:13 of 2nd period - Minor Penalty to Dion Phaneuf for Hooking.
9:14 of 2nd period - Mika Zibanejad wins face-off versus Antoine Vermette in Capitals zone.
9:27 of 2nd period - Slapshot by Chris Kreider.
9:27 of 2nd period - Stopped by Jonathan Bernier with a rebound.
9:48 of 2nd period - Off-side.
9:49 of 2nd period - Sean Monahan wins face-off versus Evgeni Malkin in neutral zone.
10:48 of 2nd period - Slapshot by Sean Monahan.
10:48 of 2nd period - Shot Misses the Net.
10:50 of 2nd period - Wrist shot by Sean Monahan.
10:50 of 2nd period - Shot Misses the Net.
11:13 of 2nd period - Penalty to Dion Phaneuf is over, Dion Phaneuf is back on ice.
11:22 of 2nd period - Snap shot by Dion Phaneuf.
11:22 of 2nd period - Stopped by Allen York without a rebound.
11:23 of 2nd period - William Karlsson wins face-off versus Nick Spaling in Canadiens zone.
11:28 of 2nd period - Snap shot by Samuel Morin.
11:28 of 2nd period - Stopped by Allen York without a rebound.
11:29 of 2nd period - Evgeni Malkin wins face-off versus William Karlsson in Canadiens zone.
11:38 of 2nd period - Slapshot by Phil Kessel.
11:38 of 2nd period - Shot Misses the Net.
11:40 of 2nd period - Snap shot by Evgeni Malkin.
11:40 of 2nd period - Shot Misses the Net.
11:42 of 2nd period - Wrist shot by Guillaume Brisebois.
11:42 of 2nd period - Deflect By Samuel Morin.
11:42 of 2nd period - Stopped by Jonathan Bernier with a rebound.
11:46 of 2nd period - Snap shot by Evgeni Malkin.
11:46 of 2nd period - Stopped by Jonathan Bernier with a rebound.
11:58 of 2nd period - Slapshot by Dion Phaneuf.
11:58 of 2nd period - Stopped by Allen York without a rebound.
11:59 of 2nd period - Mika Zibanejad wins face-off versus Sean Monahan in Canadiens zone.
12:24 of 2nd period - Cameron Gaunce is hit by Travis Hamonic and loses puck.
13:14 of 2nd period - Backhand shot by Corey Perry.
13:14 of 2nd period - Shot Blocked by Philip Larsen.
13:16 of 2nd period - Wrist shot by Corey Perry.
13:16 of 2nd period - Shot Blocked by Philip Larsen.
14:01 of 2nd period - Slapshot by Travis Hamonic.
14:01 of 2nd period - Stopped by Jonathan Bernier without a rebound.
14:02 of 2nd period - Evgeni Malkin wins face-off versus Sean Monahan in Capitals zone.
14:15 of 2nd period - Wrist shot by Chris Kreider.
14:15 of 2nd period - Stopped by Jonathan Bernier without a rebound.
14:16 of 2nd period - Evgeni Malkin wins face-off versus Sean Monahan in Capitals zone.
14:17 of 2nd period - Wrist shot by Phil Kessel.
14:17 of 2nd period - Shot Blocked by Alexei Marchenko.
14:19 of 2nd period - Wrist shot by Evgeni Malkin.
14:19 of 2nd period - Stopped by Jonathan Bernier without a rebound.
14:20 of 2nd period - Sean Monahan wins face-off versus Evgeni Malkin in Capitals zone.
14:22 of 2nd period - Minor Penalty to Mike Cammalleri for Tripping.
14:23 of 2nd period - Antoine Vermette wins face-off versus Chris Kreider in Capitals zone.
16:22 of 2nd period - Penalty to Mike Cammalleri is over, Mike Cammalleri is back on ice.
16:34 of 2nd period - Samuel Morin is hit by Travis Hamonic and loses puck.
16:55 of 2nd period - Snap shot by Patrick Sharp.
16:55 of 2nd period - Stopped by Allen York without a rebound.
16:56 of 2nd period - Brad Richardson wins face-off versus Dave Bolland in Canadiens zone.
16:57 of 2nd period - Snap shot by T.J. Oshie.
16:57 of 2nd period - Stopped by Allen York without a rebound.
16:58 of 2nd period - Jakub Vrana wins face-off versus Sean Monahan in Canadiens zone.
16:58 of 2nd period - Jakub Vrana is hit by Sean Monahan.
17:08 of 2nd period - Wrist shot by Corey Perry.
17:08 of 2nd period - Shot Misses the Net.
17:10 of 2nd period - Backhand shot by Trevor Daley.
17:10 of 2nd period - Stopped by Allen York with a rebound.
17:12 of 2nd period - Wrist shot by Corey Perry.
17:12 of 2nd period - Stopped by Allen York without a rebound.
17:13 of 2nd period - Antoine Vermette wins face-off versus Evgeni Malkin in Canadiens zone.
17:14 of 2nd period - Snap shot by Dustin Brown.
17:14 of 2nd period - Goal by Dustin Brown - Canadiens : 2 - Capitals : 2.
17:15 of 2nd period - Evgeni Malkin wins face-off versus Sean Monahan in neutral zone.
17:46 of 2nd period - Slapshot by Brady Skjei.
17:46 of 2nd period - Shot Misses the Net.
17:48 of 2nd period - Snap shot by Steve Downie.
17:48 of 2nd period - Shot Blocked by Dion Phaneuf.
17:50 of 2nd period - Wrist shot by Greg Stewart.
17:50 of 2nd period - Goal by Greg Stewart - Canadiens : 3 - Capitals : 2.
17:51 of 2nd period - Sean Monahan wins face-off versus Evgeni Malkin in neutral zone.
18:04 of 2nd period - Snap shot by Chris Kreider.
18:04 of 2nd period - Shot Blocked by Cameron Gaunce.
18:06 of 2nd period - Snap shot by Phil Kessel.
18:06 of 2nd period - Stopped by Jonathan Bernier without a rebound.
18:07 of 2nd period - Mika Zibanejad wins face-off versus Antoine Vermette in Capitals zone.
18:41 of 2nd period - Wrist shot by Sean Monahan.
18:41 of 2nd period - Stopped by Allen York with a rebound.
18:43 of 2nd period - Wrist shot by Mike Cammalleri.
18:43 of 2nd period - Stopped by Allen York with a rebound.
18:45 of 2nd period - Slapshot by Sean Monahan.
18:45 of 2nd period - Shot Blocked by Brady Skjei.
18:57 of 2nd period - Slapshot by Brady Skjei.
18:57 of 2nd period - Shot Misses the Net.
19:55 of 2nd period - Wrist shot by Evgeni Malkin.
19:55 of 2nd period - Stopped by Jonathan Bernier without a rebound.
19:56 of 2nd period - Evgeni Malkin wins face-off versus Corey Perry in Capitals zone.
Goals for this period are 2 for Canadiens vs 1 for Capitals.
Shots for this period are 14 for Canadiens vs 12 for Capitals.
3rd period
0:01 of 3rd period - Sean Monahan wins face-off versus Chris Kreider in neutral zone.
0:30 of 3rd period - Snap shot by Mika Zibanejad.
0:30 of 3rd period - Stopped by Jonathan Bernier with a rebound.
0:37 of 3rd period - Off-side.
0:38 of 3rd period - Evgeni Malkin wins face-off versus Sean Monahan in neutral zone.
2:43 of 3rd period - Wrist shot by Blake Pietila.
2:43 of 3rd period - Shot Misses the Net.
2:45 of 3rd period - Slapshot by Dion Phaneuf.
2:45 of 3rd period - Stopped by Allen York without a rebound.
2:46 of 3rd period - Evgeni Malkin wins face-off versus Sean Monahan in Canadiens zone.
2:55 of 3rd period - Wrist shot by Evgeni Malkin.
2:55 of 3rd period - Deflect By Phil Kessel.
2:55 of 3rd period - Stopped by Jonathan Bernier without a rebound.
2:56 of 3rd period - Evgeni Malkin wins face-off versus Sean Monahan in Capitals zone.
3:43 of 3rd period - Snap shot by Evgeni Malkin.
3:43 of 3rd period - Shot Blocked by Cameron Gaunce.
4:03 of 3rd period - Slapshot by Evgeni Malkin.
4:03 of 3rd period - Stopped by Jonathan Bernier without a rebound.
4:04 of 3rd period - Mika Zibanejad wins face-off versus William Karlsson in Capitals zone.
4:31 of 3rd period - Daniel Carcillo is hit by Brad Richardson and loses puck.
4:44 of 3rd period - Slapshot by T.J. Oshie.
4:44 of 3rd period - Stopped by Allen York without a rebound.
4:45 of 3rd period - Mika Zibanejad wins face-off versus William Karlsson in Canadiens zone.
4:54 of 3rd period - Slapshot by Greg Stewart.
4:54 of 3rd period - Shot Misses the Net.
4:56 of 3rd period - Backhand shot by Guillaume Brisebois.
4:56 of 3rd period - Deflect By Greg Stewart.
4:56 of 3rd period - Shot Misses the Net.
4:56 of 3rd period - Puck is out of play.
4:57 of 3rd period - Antoine Vermette wins face-off versus Mika Zibanejad in Capitals zone.
5:22 of 3rd period - Sean Monahan is hit by Brady Skjei and loses puck.
6:03 of 3rd period - Snap shot by Dave Bolland.
6:03 of 3rd period - Goal by Dave Bolland - Canadiens : 4 - Capitals : 2.
6:04 of 3rd period - Chris Kreider wins face-off versus Sean Monahan in neutral zone.
6:13 of 3rd period - Snap shot by Phil Kessel.
6:13 of 3rd period - Stopped by Jonathan Bernier with a rebound.
6:15 of 3rd period - Snap shot by Chris Kreider.
6:15 of 3rd period - Shot Misses the Net.
6:17 of 3rd period - Slapshot by Philip Larsen.
6:17 of 3rd period - Stopped by Jonathan Bernier without a rebound.
6:18 of 3rd period - Evgeni Malkin wins face-off versus Sean Monahan in Capitals zone.
6:24 of 3rd period - Minor Penalty to Dion Phaneuf for Interference.
6:25 of 3rd period - Antoine Vermette wins face-off versus Mika Zibanejad in Capitals zone.
6:41 of 3rd period - Slapshot by Brady Skjei.
6:41 of 3rd period - Stopped by Jonathan Bernier with a rebound.
8:24 of 3rd period - Penalty to Dion Phaneuf is over, Dion Phaneuf is back on ice.
9:10 of 3rd period - Jakub Vrana is hit by Victor Hedman and loses puck.
9:17 of 3rd period - Snap shot by Patrick Sharp.
9:17 of 3rd period - Shot Misses the Net.
9:19 of 3rd period - Snap shot by Dion Phaneuf.
9:19 of 3rd period - Shot Misses the Net.
9:58 of 3rd period - Icing by Dave Bolland.
9:59 of 3rd period - Dave Bolland wins face-off versus Sean Monahan in Canadiens zone.
10:10 of 3rd period - Wrist shot by Sean Monahan.
10:10 of 3rd period - Stopped by Allen York without a rebound.
10:11 of 3rd period - Evgeni Malkin wins face-off versus Sean Monahan in Canadiens zone.
10:18 of 3rd period - Mike Cammalleri is hit by Evgeni Malkin and loses puck.
11:16 of 3rd period - Icing by Mark Stone.
11:17 of 3rd period - William Karlsson wins face-off versus Evgeni Malkin in Capitals zone.
11:17 of 3rd period - William Karlsson is hit by Phil Kessel.
12:02 of 3rd period - Slapshot by Jordan Szwarz.
12:02 of 3rd period - Shot Misses the Net.
12:18 of 3rd period - Minor Penalty to Samuel Morin for Hooking.
12:19 of 3rd period - Mika Zibanejad wins face-off versus Antoine Vermette in Capitals zone.
12:20 of 3rd period - Wrist shot by Chris Kreider.
12:20 of 3rd period - Goal by Chris Kreider - Canadiens : 5 - Capitals : 2.
12:21 of 3rd period - Evgeni Malkin wins face-off versus Mike Cammalleri in neutral zone.
12:26 of 3rd period - Wrist shot by Chris Kreider.
12:26 of 3rd period - Shot Misses the Net.
12:28 of 3rd period - Slapshot by Evgeni Malkin.
12:28 of 3rd period - Shot Misses the Net.
12:30 of 3rd period - Snap shot by Phil Kessel.
12:30 of 3rd period - Stopped by Jonathan Bernier with a rebound.
12:32 of 3rd period - Wrist shot by Phil Kessel.
12:32 of 3rd period - Stopped by Jonathan Bernier without a rebound.
12:33 of 3rd period - Sean Monahan wins face-off versus Evgeni Malkin in Capitals zone.
12:58 of 3rd period - Steve Downie is hit by Dustin Brown and loses puck.
13:13 of 3rd period - Victor Hedman is hit by Brady Skjei.
13:25 of 3rd period - Icing by Dion Phaneuf.
13:26 of 3rd period - William Karlsson wins face-off versus Nick Spaling in Capitals zone.
13:40 of 3rd period - Snap shot by William Karlsson.
13:40 of 3rd period - Shot Misses the Net.
13:56 of 3rd period - Daniel Carcillo is hit by Dion Phaneuf and loses puck.
14:05 of 3rd period - Wrist shot by Mark Stone.
14:05 of 3rd period - Stopped by Allen York with a rebound.
14:07 of 3rd period - Wrist shot by Samuel Morin.
14:07 of 3rd period - Shot Misses the Net.
14:13 of 3rd period - Snap shot by William Karlsson.
14:13 of 3rd period - Stopped by Allen York with a rebound.
14:15 of 3rd period - Snap shot by Dion Phaneuf.
14:15 of 3rd period - Deflect By Samuel Morin.
14:15 of 3rd period - Stopped by Allen York with a rebound.
14:17 of 3rd period - Wrist shot by William Karlsson.
14:17 of 3rd period - Deflect By Samuel Morin.
14:17 of 3rd period - Goal by Samuel Morin - Canadiens : 5 - Capitals : 3.
14:18 of 3rd period - Phil Kessel wins face-off versus Sean Monahan in neutral zone.
14:32 of 3rd period - Off-side.
14:33 of 3rd period - Greg Stewart wins face-off versus Antoine Vermette in neutral zone.
15:42 of 3rd period - Icing by Tyler Lewington.
15:43 of 3rd period - Dave Bolland wins face-off versus William Karlsson in Canadiens zone.
15:50 of 3rd period - Slapshot by Pierre-Marc Bouchard.
15:50 of 3rd period - Stopped by Jonathan Bernier without a rebound.
15:51 of 3rd period - Nick Spaling wins face-off versus Antoine Vermette in Capitals zone.
16:02 of 3rd period - Wrist shot by Dustin Brown.
16:02 of 3rd period - Shot Misses the Net.
16:04 of 3rd period - Minor Penalty to Jordan Szwarz for Interference.
16:05 of 3rd period - Dave Bolland wins face-off versus Sean Monahan in Canadiens zone.
16:15 of 3rd period - Off-side.
16:16 of 3rd period - Mike Cammalleri wins face-off versus Dave Bolland in neutral zone.
16:47 of 3rd period - Wrist shot by Cameron Gaunce.
16:47 of 3rd period - Shot Misses the Net.
18:04 of 3rd period - Penalty to Jordan Szwarz is over, Jordan Szwarz is back on ice.
18:47 of 3rd period - Tyler Lewington is hit by Dion Phaneuf and loses puck.
19:00 of 3rd period - Corey Perry is hit by Tyler Lewington and loses puck.
19:50 of 3rd period - Snap shot by Daniel Carcillo.
19:50 of 3rd period - Stopped by Jonathan Bernier without a rebound.
19:51 of 3rd period - Dustin Brown wins face-off versus Dave Bolland in Capitals zone.
Goals for this period are 2 for Canadiens vs 1 for Capitals.
Shots for this period are 12 for Canadiens vs 7 for Capitals.
Output by the SimonT Hockey Simulator (STHS) for Francois Prevost